 Dungeon Crawl Stone Soup version 0.30-a0-358-g0d69a1922f (webtiles) character file.

Game seed: 6637017225636486370

26 quakins the Vexing (level 2, 14/14 HPs)
             Began as a Spriggan Hexslinger on Nov 8, 2022.
             Got out of the dungeon alive.
             The game lasted 00:02:28 (537 turns).

quakins the Vexing (Spriggan Hexslinger)             Turns: 537, Time: 00:02:28

Health: 14/14      AC:  2    Str:  6    XL:     2   Next: 89%
Magic:  6/6        EV: 17    Int: 14    God:
Gold:   52         SH:  0    Dex: 15    Spells: 4/5 levels left

rFire   . . .      SeeInvis +    a - +1 sling
rCold   . . .      Faith    .    (no shield)
rNeg    . . .      Spirit   .    c - +0 robe
rPois   .          Reflect  .    (helmet restricted)
rElec   .          Harm     .    (no cloak)
rCorr   .          Rampage  .    (gloves unavailable)
Will    .....                    (boots unavailable)
Stlth   +.........               (no amulet)
HPRegen 0.22/turn                (no ring)
MPRegen 0.10/turn                (no ring)

@: very quick
A: very small, no large weapons, unfitting armour, see invisible, speed 3
a: no special abilities


You escaped.
You visited 1 branch of the dungeon, and saw 1 of its levels.

You collected 52 gold pieces.

Inventory:

Hand Weapons
 a - a +1 sling (weapon)
Armour
 c - a +0 robe (worn)
Scrolls
 b - 3 scrolls of poison
 d - 2 scrolls of immolation {unknown}
 e - 2 scrolls of identify {unknown}
 g - a scroll of butterflies {unknown}
 h - 2 scrolls of magic mapping {unknown}
Potions
 f - a potion of curing {unknown}
 i - 2 potions of heal wounds {unknown}
 j - a potion of attraction {unknown}
 k - a potion of degeneration {unknown}


   Skills:
 + Level 1.2 Fighting
 + Level 2.3 Ranged Weapons
 + Level 3.2 Dodging
 + Level 2.0 Spellcasting
 + Level 3.9 Hexes


You had 4 spell levels left.
You knew the following spells:

 Your Spells              Type           Power      Damage    Failure   Level
a - Slow                  Hex            48%        N/A       4%          1

Your spell library contained the following spells:

 Spells                   Type           Power      Damage    Failure   Level
 Inner Flame              Hex/Fire       6%         N/A       32%         3
 Portal Projectile        Hex/Tloc       12%        N/A       32%         3
 Cause Fear               Hex            6%         N/A       43%         4


Dungeon Overview and Level Annotations

Branches:
Dungeon (1/15)

Altars:


Innate Abilities, Weirdness & Mutations

You are very small and have problems with some larger weapons.
You are too small for most types of armour.
You have supernaturally acute eyesight. (SInv)
You cover ground extremely quickly. (Speed+++)


Message History

You shoot a sling bullet.
The sling bullet hits the rat but does no damage.
A rat is nearby!
Fire: a) +1 sling
Press: ? - help, Q - select action, (/) - cycle Shift-Dir - straight line, f/p - rat
Aim: a rat (57% to hit)
You shoot a sling bullet. The sling bullet hits the rat.
You kill the rat!
Your Spellcasting skill increases to level 2!
h - 2 scrolls labelled RUIFEK ROAWN (gained 1)
k - a puce potion A goblin comes into view.
It is wielding a +2 dagger of electrocution.
A goblin is nearby!
A goblin is nearby!
Fire: a) +1 sling
Press: ? - help, Q - select action, (/) - cycle Shift-Dir - straight line, f - goblin
Aim: a goblin, wielding a +2 dagger of electrocution (asleep, 98% to hit)
You shoot a sling bullet. The sling bullet hits the goblin!
You kill the goblin!
A ball python comes into view.
A ball python is nearby!
A ball python is nearby!
A ball python is nearby!
Fire: a) +1 sling
Press: ? - help, Q - select action, (/) - cycle Shift-Dir - straight line, f - ball python
Aim: a ball python (asleep, 98% to hit)
You shoot a sling bullet. The sling bullet hits the ball python!
You kill the ball python!
You now have 52 gold pieces (gained 10).
A rat comes into view.
A rat is nearby!
A rat is nearby!
Fire: a) +1 sling
Press: ? - help, Q - select action, (/) - cycle Shift-Dir - straight line, f - rat
Aim: a rat (wandering, hasn't noticed you, 57% to hit)
You shoot a sling bullet. The sling bullet hits the rat.
You kill the rat!
There is a staircase leading out of the dungeon here.
Are you sure you want to leave the Dungeon?
This will make you lose the game!
You have escaped!

........#.#...........#.#..#
##########.....#.#.....##..#
#......#.#......#.##
#......#.#...[..#.
#....#.#.#.#[...#########
#...##.#.#.##.[.#........
######.....⌠#.#⌠.....######.##
(....#..#####.#####..#### #>#
#.........@..........# #.# .#
###..#####.#####..##.###.# .#
#.....⌠#.#⌠.....#......# .#
#...##.#.#.##...######)## ##.#
#....#.#.#.#....# ##...# #..
####......#.#......# #.....
#.# ##.##......#.#......#
#....#
#.###...##.....#.#.....##
#.#.##
........#.#...........#.#
#.#.#


There were no monsters in sight!

Vanquished Creatures
  4 bats (D:1)
  An endoplasm (D:1)
  2 giant cockroaches (D:1)
  3 goblins (D:1)
  2 hobgoblins (D:1)
  4 jackals (D:1)
  2 kobolds (D:1)
  A ball python (D:1)
  2 frilled lizards (D:1)
  2 rats (D:1)
23 creatures vanquished.

Notes
Turn   | Place    | Note
-------+----------+-------------------------------------------
     0 | D:1      | quakins the Spriggan Hexslinger began the quest for the
                  | Orb.
     0 | D:1      | Reached XP level 1. HP: 9/9 MP: 3/3
   164 | D:1      | Reached skill level 1 in Fighting
   286 | D:1      | Reached XP level 2. HP: 14/14 MP: 5/5
   537 | D:$      | Got out of the dungeon alive.

Illustrated notes

Levels and vault maps discovered:
D:1:      matt_arrival_grand_opening, layout_loops_ring,
          dreamdust_ecumenical_altar_angels_and_demons, minmay_misc_feat_tower

Skill      XL: |  1  2 |
---------------+-------+-----
Fighting       | 1 |  1.2
Dodging        | 3 |  3.2
Spellcasting   | 2 |  2.0
Ranged Weapons | |  2.3
Hexes          | |  3.9

Action                   || total
-------------------------++-------
 Fire: Sling             ||    74
 Cast: Slow              ||     1
Armor: Robe              ||     8
Dodge: Dodged            ||    53

Table legend: (Time is in decaauts)
 A = Elapsed time spent in this place.
 B = Non-inter-level travel time spent in this place.
 C = Inter-level travel time spent in this place.
 D = Time resting spent in this place.
 E = Time spent auto-exploring this place.
 F = Levels seen in this place.
 G = Mean time per level.
                   A        B        C        D        E       F      G
               +--------+--------+--------+--------+--------+-----+--------+
         Total |    393 |    371 |     22 |      0 |    231 |   1 |  393.0 |
       Dungeon |    393 |    371 |     22 |      0 |    231 |   1 |  393.0 |
               +--------+--------+--------+--------+--------+-----+--------+

Top non-repeatable levels by time:
     D:1: 393 daAuts
